[Event "Titled Tuesday Blitz October 11 Late 2022"]
[White "Martin Carmona, Gaston Manuel"]
[Black "Borawski, Jakub"]
[WhiteFideId "22284567"]
[BlackFideId "1143000"]
[WhiteElo "2235"]
[BlackElo "2122"]
[Result "0-1"]
[Round "08"]
[TimeControl "180+1"]
[Date "2022.10.12"]
[WhiteClock "0:01:36"]
[BlackClock "0:01:17"]

1. d4 Nf6 2. c4 g6 3. Nc3 Bg7 4. g3 O-O 5. Bg2 d6 6. Nf3 c5 7. O-O Nc6 8. dxc5 dxc5 9. Bf4 Qb6 10. Na4 Qa5 11. Bd2 Qa6 12. Rc1 b6 13. Ne5 Nxe5 14. Bxa8 Bd7 15. Nxc5 bxc5 16. Bg2 Nxc4 17. Bc3 Be6 18. b3 Nd6 19. Qc2 Nb5 20. Be5 Nd4 21. Qb2 Nxe2+ 22. Kh1 Nxc1 23. Rxc1 Rc8 24. h3 Ne8 25. Bxg7 Nxg7 26. Qe5 c4 27. bxc4 Rxc4 28. Qb8+ Qc8 29. Rb1 Qxb8 30. Rxb8+ Rc8 31. Rb7 a5 32. Ra7 Bxa2 33. Rxa5 Bc4 34. Ra7 e6 35. Kh2 Rd8 36. Rc7 Bd5 37. Bf1 h5 38. h4 Ne8 39. Ra7 Nf6 40. Be2 Ra8 41. Rc7 Ra2 0-1


[Site "https://www.chess.com"]

[Event "Titled Tuesday Blitz October 11 Late 2022"]
[White "Matinian, Nikita"]
[Black "Yurovskykh, Oleksandr"]
[WhiteFideId "24129100"]
[BlackFideId "14134020"]
[WhiteElo "2700"]
[BlackElo "2555"]
[Result "1-0"]
[Round "08"]
[TimeControl "180+1"]
[Date "2022.10.12"]
[WhiteClock "0:01:21"]
[BlackClock "0:00:25"]

1. e4 e6 2. d4 d5 3. Nc3 dxe4 4. Nxe4 Bd7 5. Nf3 Bc6 6. Bd3 Nd7 7. O-O Ngf6 8. Ng3 g6 9. Bg5 Bg7 10. Ne5 h6 11. Nxc6 bxc6 12. Bd2 O-O 13. Qf3 c5 14. Bc3 cxd4 15. Bxd4 Nd5 16. Bxg7 Kxg7 17. a3 Qf6 18. Qxf6+ N7xf6 19. Rfd1 Rfd8 20. Ne4 Nxe4 21. Bxe4 Rab8 22. Rab1 Nb6 23. b3 Kf6 24. f4 a5 25. a4 Ke7 26. Kf2 Rxd1 27. Rxd1 Rd8 28. Rxd8 Kxd8 29. g4 g5 30. Kf3 Ke7 31. c3 c5 32. Bc2 gxf4 33. Kxf4 Nd5+ 34. Ke4 Nxc3+ 35. Kd3 Nd5 36. Bb1 Kd6 37. h4 f6 38. Kc4 Ne3+ 39. Kb5 Nxg4 40. Kxa5 Nf2 41. Kb6 Kd7 42. a5 Kc8 43. Kxc5 Kb7 44. b4 f5 45. b5 Ng4 46. Ba2 e5 47. Bd5+ Kb8 1-0


[Site "https://www.chess.com"]

[Event "Titled Tuesday Blitz October 11 Late 2022"]
[White "Melkumyan, Hrant"]
[Black "Carlsen, Magnus"]
[WhiteFideId "13302485"]
[BlackFideId "1503014"]
[WhiteElo "2604"]
[BlackElo "2830"]
[Result "0-1"]
[Round "08"]
[TimeControl "180+1"]
[Date "2022.10.11"]
[WhiteClock "0:00:01"]
[BlackClock "0:01:45"]

1. Nf3 h6 2. d4 g5 3. c4 Bg7 4. Nc3 d6 5. e4 g4 6. Ng1 h5 7. Be3 Nc6 8. h3 f5 9. hxg4 hxg4 10. Rxh8 Bxh8 11. exf5 Bxf5 12. Bd3 Qd7 13. Nge2 Nf6 14. Ng3 Bxd3 15. Qxd3 O-O-O 16. O-O-O d5 17. c5 e5 18. dxe5 Nxe5 19. Qf5 Qxf5 20. Nxf5 c6 21. Bd4 Nfd7 22. Ne2 Rf8 23. Neg3 Bf6 24. Kb1 a5 25. Rh1 Nd3 26. Bxf6 Nxf6 27. Rh6 Nxc5 28. Ne7+ Kc7 29. Ng6 Re8 30. Nf4 Nfe4 31. Nxe4 Nxe4 32. Nd3 Nxf2 33. Nc5 Re7 34. Rg6 Kb6 35. Na4+ Kb5 36. Nc3+ Kc4 37. Kc2 d4 38. b3+ Kb4 39. Nb1 Re2+ 40. Kc1 Rxa2 41. Rf6 0-1


[Site "https://www.chess.com"]

[Event "Titled Tuesday Blitz October 11 Late 2022"]
[White "Nasuta, Grzegorz"]
[Black "Hnydiuk, Aleksander"]
[WhiteFideId "1141686"]
[BlackFideId "1109057"]
[WhiteElo "2699"]
[BlackElo "2550"]
[Result "1-0"]
[Round "08"]
[TimeControl "180+1"]
[Date "2022.10.12"]
[WhiteClock "0:00:51"]
[BlackClock "0:00:04"]

1. e4 c6 2. Nc3 d5 3. Qe2 d4 4. Nd1 e5 5. g3 c5 6. Bg2 Nc6 7. d3 Bd6 8. f4 Nf6 9. Nf3 O-O 10. Nf2 b5 11. f5 Nd7 12. g4 c4 13. g5 Nc5 14. h4 a5 15. h5 Ba6 16. g6 h6 17. Bxh6 gxh6 18. Qd2 fxg6 19. hxg6 Qe7 20. Qxh6 Qg7 21. Qh5 cxd3 22. Ng4 d2+ 23. Nxd2 Rfd8 24. f6 1-0


[Site "https://www.chess.com"]

[Event "Titled Tuesday Blitz October 11 Late 2022"]
[White "Noboa Silva, Kevin"]
[Black "Tarasova, Viktoriya"]
[WhiteFideId "3618471"]
[BlackFideId "4175840"]
[WhiteElo "2178"]
[BlackElo "2182"]
[Result "1-0"]
[Round "08"]
[TimeControl "180+1"]
[Date "2022.10.12"]
[WhiteClock "0:00:15"]
[BlackClock "0:00:03"]

1. d4 Nf6 2. c4 e6 3. Nc3 Bb4 4. a3 Bxc3+ 5. bxc3 O-O 6. f3 d5 7. e3 b6 8. cxd5 exd5 9. Bd3 Ba6 10. Ne2 Bxd3 11. Qxd3 c5 12. O-O Re8 13. Ng3 Nc6 14. Bb2 h5 15. Nh1 Qd6 16. Nf2 Rad8 17. Rad1 cxd4 18. cxd4 Na5 19. e4 Nd7 20. Bc1 Rc8 21. e5 Qc6 22. Qf5 g6 23. Qg5 Nb3 24. Be3 Nf8 25. f4 Ne6 26. Qh6 Ng7 27. g4 Re6 28. h3 Qd7 29. Rd3 Na5 30. Nh1 Nc4 31. Ng3 Nxe3 32. Rxe3 Rc2 33. Qg5 Qb5 34. f5 Qb2 35. Ne2 Rxe2 36. Rxe2 Qxe2 37. fxe6 Nxe6 38. Qf6 Qe3+ 39. Qf2 Qxf2+ 40. Rxf2 Nxd4 41. gxh5 gxh5 42. Kg2 Ne6 43. Kf3 Kf8 44. h4 Ke7 45. Ke3 d4+ 46. Ke4 Kd7 47. Rxf7+ Kc6 48. Rf6 Kd7 49. Rh6 Nc5+ 50. Kxd4 Nb3+ 51. Kd5 Nd2 52. Rh7+ Kd8 53. Rxh5 Ke7 54. Rh7+ Ke8 55. Ke6 Kd8 56. Rxa7 1-0


[Site "https://www.chess.com"]

[Event "Titled Tuesday Blitz October 11 Late 2022"]
[White "Nozdrachev, Leonid"]
[Black "Curtis, John"]
[WhiteFideId "24113433"]
[BlackFideId "3200256"]
[WhiteElo "2249"]
[BlackElo "2203"]
[Result "1/2-1/2"]
[Round "08"]
[TimeControl "180+1"]
[Date "2022.10.12"]
[WhiteClock "0:00:04"]
[BlackClock "0:00:15"]

1. Nf3 d5 2. g3 c6 3. d3 Bf5 4. Bg2 h6 5. O-O Nf6 6. c4 e6 7. cxd5 exd5 8. e4 dxe4 9. dxe4 Qxd1 10. Rxd1 Bxe4 11. Nc3 Bxf3 12. Bxf3 Nbd7 13. Re1+ Be7 14. Bf4 Kf8 15. Rad1 Re8 16. a3 g5 17. Be3 Bc5 18. Ne4 Bxe3 19. Rxe3 Nd5 20. Rb3 N7b6 21. Nd6 Re7 22. Bxd5 cxd5 23. Nf5 Re5 24. g4 h5 25. h3 Re4 26. f3 Rc4 27. Rxb6 axb6 28. Rxd5 Rc1+ 29. Kf2 Ke8 30. gxh5 Rc2+ 31. Kg3 Rxb2 32. h6 Rc2 33. Kg4 Rc5 34. Rd4 Rxf5 35. Kxf5 Rxh6 36. Re4+ Kf8 37. Kg4 Rh4+ 38. Kxg5 Rxh3 39. Kf4 Rh4+ 40. Ke5 Rh5+ 41. Kd6 Rc5 42. Rb4 Rc3 43. Rxb6 Rxa3 44. f4 Ra5 45. Rxb7 Kg7 46. Rb4 Kf6 47. Rc4 Kf5 48. Ke7 Ra7+ 49. Kf8 f6 50. Rb4 Kg4 51. Kg8 f5 52. Rc4 Ra3 53. Kf7 Re3 54. Kg6 Re4 55. Rc1 Kxf4 56. Rf1+ Ke5 57. Rxf5+ Kd4 58. Ra5 Ke3 59. Kf5 Rf4+ 60. Kg5 Re4 61. Rb5 Kf2 62. Kf5 Re8 63. Rd5 Rf8+ 64. Kg4 Re8 65. Rg5 Re4+ 66. Kh5 Re3 67. Kg6 Rg3 68. Kf5 Rxg5+ 69. Kxg5 1/2-1/2


[Site "https://www.chess.com"]

[Event "Titled Tuesday Blitz October 11 Late 2022"]
[White "O`Gorman, Tom"]
[Black "Kravtsiv, Martyn"]
[WhiteFideId "2508249"]
[BlackFideId "14113147"]
[WhiteElo "2271"]
[BlackElo "2694"]
[Result "0-1"]
[Round "08"]
[TimeControl "180+1"]
[Date "2022.10.11"]
[WhiteClock "0:00:20"]
[BlackClock "0:00:19"]

1. d4 d5 2. c4 e6 3. Nc3 Bb4 4. a3 Bxc3+ 5. bxc3 Nf6 6. e3 O-O 7. cxd5 exd5 8. Bd3 c5 9. Ne2 b6 10. O-O Ba6 11. Bb2 Re8 12. dxc5 bxc5 13. Bxa6 Nxa6 14. c4 dxc4 15. Qa4 Ng4 16. Qxc4 Qb8 17. Qxg4 Qxb2 18. Rfb1 Qf6 19. Qc4 Rab8 20. Nf4 h6 21. h4 Rec8 22. h5 Rb2 23. Rxb2 Qxb2 24. Rd1 Nb8 25. a4 Qb4 26. Rc1 Qxc4 27. Rxc4 Nd7 28. Nd3 Kf8 29. e4 Ke7 30. f3 Kd6 31. Kf2 Nb6 32. Rc1 c4 33. Nb2 c3 34. Nd3 Nxa4 35. Ra1 Nc5 36. Nb4 Rb8 37. Rd1+ Ke6 38. Nc6 Rb2+ 39. Ke3 c2 40. Rc1 Nb3 0-1


[Site "https://www.chess.com"]

[Event "Titled Tuesday Blitz October 11 Late 2022"]
[White "Ovezdurdyyeva, Jemal"]
[Black "Poliakova, Varvara"]
[WhiteFideId "14001888"]
[BlackFideId "13518313"]
[WhiteElo "1961"]
[BlackElo "1938"]
[Result "0-1"]
[Round "08"]
[TimeControl "180+1"]
[Date "2022.10.12"]
[WhiteClock "0:00:33"]
[BlackClock "0:00:41"]

1. e4 e5 2. Nf3 Nc6 3. Bc4 Bc5 4. O-O Nf6 5. d3 d6 6. c3 a6 7. b4 Ba7 8. a4 h6 9. h3 O-O 10. Na3 Ne7 11. Be3 Ng6 12. Qd2 Kh7 13. b5 a5 14. Rab1 Bb6 15. Ba2 Qe7 16. Nc4 Bc5 17. Qc2 Nh5 18. d4 Ba7 19. b6 Bb8 20. dxe5 dxe5 21. Rb5 c6 22. Rxa5 Rxa5 23. Nxa5 Nhf4 24. Nb3 Qf6 25. Nbd2 Be6 26. Bxe6 fxe6 27. Nh2 Qg5 28. g3 Nxh3+ 29. Kg2 Nhf4+ 30. Kh1 Qh5 31. gxf4 exf4 32. Bc5 f3 33. e5 Bxe5 34. Nxf3 Rxf3 0-1


[Site "https://www.chess.com"]

[Event "Titled Tuesday Blitz October 11 Late 2022"]
[White "Pakleza, Zbigniew"]
[Black "Bortnyk, Olexandr"]
[WhiteFideId "1119290"]
[BlackFideId "14120828"]
[WhiteElo "2411"]
[BlackElo "2723"]
[Result "1-0"]
[Round "08"]
[TimeControl "180+1"]
[Date "2022.10.11"]
[WhiteClock "0:00:03"]
[BlackClock "0:00:55"]

1. d4 d6 2. Nf3 Nf6 3. Bf4 b6 4. e3 Bb7 5. h3 Nbd7 6. Be2 e6 7. c4 a6 8. Nc3 Be7 9. Rc1 h6 10. a3 Ra7 11. b4 Qa8 12. Bh2 O-O 13. O-O Ne4 14. Nxe4 Bxe4 15. Ne1 a5 16. b5 f5 17. Bf3 Qe8 18. Bxe4 fxe4 19. Qg4 Qf7 20. Qxe4 a4 21. Qc2 Nf6 22. Nd3 g5 23. Nb4 Raa8 24. Nc6 g4 25. hxg4 Nxg4 26. Nxe7+ Qxe7 27. Qg6+ Qg7 28. Qxg7+ Kxg7 29. c5 Nxh2 30. Kxh2 dxc5 31. dxc5 Ra5 32. cxb6 cxb6 33. Rc4 Rf5 34. f4 Rh5+ 35. Kg3 Rhxb5 36. Rc6 Kf7 37. Rd1 Rb3 38. Kf3 Rc5 39. Rd7+ Kf6 40. Rxc5 bxc5 41. Rc7 Rc3 42. g4 Rxa3 43. Rxc5 Ra1 44. Ra5 a3 45. Ra6 a2 46. Ke4 Ke7 47. Ke5 Kd7 48. Ra7+ Kc6 49. e4 Kb6 50. Ra8 Kc5 51. Kxe6 Rf1 52. f5 Rf4 53. Rxa2 Rxe4+ 54. Kf6 Rxg4 55. Rh2 Ra4 56. Rxh6 Kd5 57. Kg5 Ra1 58. Re6 Rh1 59. Kf6 Rh6+ 60. Kf7 Rh7+ 61. Kg6 Rh1 62. Re2 Rg1+ 63. Kf7 Kd6 64. f6 Re1 65. Rxe1 1-0


[Site "https://www.chess.com"]

[Event "Titled Tuesday Blitz October 11 Late 2022"]
[White "Petrova, Irina"]
[Black "P., Komal Kishore"]
[WhiteFideId "14124122"]
[BlackFideId "5016703"]
[WhiteElo "2023"]
[BlackElo "2125"]
[Result "1/2-1/2"]
[Round "08"]
[TimeControl "180+1"]
[Date "2022.10.12"]
[WhiteClock "0:00:19"]
[BlackClock "0:00:11"]

1. e4 c6 2. d4 d5 3. Nc3 dxe4 4. Nxe4 Bf5 5. Ng3 Bg6 6. h4 h6 7. Nf3 Nd7 8. h5 Bh7 9. Bd3 Bxd3 10. Qxd3 e6 11. Bd2 Ngf6 12. O-O-O Bd6 13. Ne4 Nxe4 14. Qxe4 Nf6 15. Qe2 Qc7 16. Kb1 O-O-O 17. c4 c5 18. Bc3 cxd4 19. Nxd4 a6 20. Rc1 Bc5 21. Rhd1 Bxd4 22. Bxd4 Qf4 23. Be5 Qf5+ 24. Ka1 Qxh5 25. f3 Rxd1 26. Rxd1 Rd8 27. Rxd8+ Kxd8 28. a3 Ke7 29. Qe3 Qh1+ 30. Ka2 Qd1 31. Qc5+ Ke8 32. Qc8+ Ke7 33. Qxb7+ Nd7 34. Bc3 Qe2 35. Bb4+ Kd8 36. Qa8+ Kc7 37. Ba5+ Kd6 38. Qxa6+ Ke7 39. Bb4+ Kf6 40. Qc6 Ne5 41. Bc3 Kf5 42. g4+ Kf4 43. Qc7 Qxc4+ 44. Qxc4+ Nxc4 45. Bxg7 Kxf3 46. Bxh6 Kxg4 47. Kb3 Nxb2 48. Kxb2 Kf5 49. a4 Ke5 50. a5 Kd5 51. Be3 Kc6 52. Kb3 Kb7 53. Kb4 e5 54. Kc5 f5 55. Kd5 f4 56. Bd2 f3 57. Be1 f2 58. Bxf2 Ka6 59. Bb6 e4 60. Kxe4 Kb5 61. Kd5 Ka6 62. Kc4 Kb7 63. Kb5 Kb8 64. a6 Ka8 65. Kc6 Kb8 66. Bc5 Ka8 67. Bd4 Kb8 68. Kb6 Ka8 69. Bc3 1/2-1/2


[Site "https://www.chess.com"]

[Event "Titled Tuesday Blitz October 11 Late 2022"]
[White "Pham, Le Thao Nguyen"]
[Black "Gubajdullin, Alexei"]
[WhiteFideId "12401226"]
[BlackFideId "4141202"]
[WhiteElo "2439"]
[BlackElo "2615"]
[Result "0-1"]
[Round "08"]
[TimeControl "180+1"]
[Date "2022.10.12"]
[WhiteClock "0:02:18"]
[BlackClock "0:02:13"]

1. g3 Nf6 2. Bg2 g6 3. Nf3 Bg7 4. O-O O-O 5. Nc3 d6 6. b4 e5 7. Bb2 Nc6 8. b5 Nd4 9. Nxd4 exd4 10. Nd5 Nxd5 11. Bxd5 Qg5 12. Bc4 Bh3 13. Re1 h5 14. d3 h4 15. Qc1 Qh5 16. Qf4 Rae8 17. Bxd4 g5 0-1


[Site "https://www.chess.com"]

[Event "Titled Tuesday Blitz October 11 Late 2022"]
[White "Pinheiro, Iung Alicio de O."]
[Black "Mazurkiewicz, Michal"]
[WhiteFideId "2104350"]
[BlackFideId "1124943"]
[WhiteElo "2283"]
[BlackElo "2063"]
[Result "0-1"]
[Round "08"]
[TimeControl "180+1"]
[Date "2022.10.11"]
[WhiteClock "0:00:02"]
[BlackClock "0:01:11"]

1. e4 d6 2. d4 Nf6 3. Nc3 c6 4. f4 Qb6 5. a3 Bg4 6. Qd3 e5 7. Be3 Qc7 8. h3 Bc8 9. O-O-O Be7 10. Nf3 Nfd7 11. Kb1 O-O 12. g4 a5 13. g5 b5 14. dxe5 dxe5 15. f5 b4 16. Na4 bxa3 17. Rg1 Ba6 18. Qd2 Rd8 19. f6 Nxf6 20. Qe1 Rxd1+ 21. Qxd1 Nxe4 22. Bb6 Qd6 23. Qe1 Qb4 24. b3 Qxe1+ 25. Nxe1 Bxf1 26. Ka2 Bb5 27. Bc7 Nd7 28. Nf3 Bxa4 29. bxa4 Rc8 30. Bxe5 Nxe5 31. Nxe5 Nc3+ 32. Ka1 Bc5 33. Rf1 Bd4 0-1


[Site "https://www.chess.com"]

[Event "Titled Tuesday Blitz October 11 Late 2022"]
[White "Principe, Gerson"]
[Black "Preotu, Razvan"]
[WhiteFideId "3804550"]
[BlackFideId "2613280"]
[WhiteElo "2280"]
[BlackElo "2407"]
[Result "0-1"]
[Round "08"]
[TimeControl "180+1"]
[Date "2022.10.11"]
[WhiteClock "0:00:06"]
[BlackClock "0:01:08"]

1. d4 Nf6 2. Nf3 g6 3. e3 Bg7 4. Be2 O-O 5. O-O d6 6. c4 c5 7. b3 cxd4 8. Nxd4 d5 9. Bb2 dxc4 10. Bxc4 Ne4 11. Nd2 Nd6 12. Be2 e5 13. N4f3 Nc6 14. Nc4 Nxc4 15. Bxc4 Qe7 16. e4 Bg4 17. h3 Rad8 18. Qe2 Nd4 19. Bxd4 Bxf3 20. Qxf3 Rxd4 21. Rfd1 Rfd8 22. Rxd4 Rxd4 23. Rd1 Rxd1+ 24. Qxd1 Bf8 25. Qd5 b6 26. a4 Qf6 27. Qd3 Bc5 28. Qf3 Qxf3 29. gxf3 Kg7 30. Kg2 f6 31. Kg3 Kh6 32. Be6 Kg5 33. h4+ Kh6 34. Bd5 Kg7 35. Be6 h5 36. Bc4 Kf8 37. Kg2 Ke7 38. Kg3 g5 39. Bd5 Bb4 40. Bg8 Bd2 41. Bh7 Bf4+ 42. Kh3 Kf7 43. Bf5 Kg7 44. Bd7 Kh6 45. Bc8 Bd2 46. Bd7 Be1 47. hxg5+ fxg5 48. Kg2 Kg6 49. Be8+ Kh6 50. Bf7 h4 51. Be6 Kg7 52. Bc8 Kf6 53. Bd7 Ke7 54. Bb5 Kd6 55. Bc4 Kc5 56. Be6 Kb4 57. Kf1 Bd2 58. Ke2 Kc3 59. Kf1 Kc2 60. Kg2 Bb4 61. Kh3 Kd1 62. Kg2 Ke1 63. Bc4 Bc5 64. Bb5 Bxf2 65. Bc4 Be3 66. Bb5 Kd2 67. Bc4 Bf4 68. Bb5 Ke3 69. Bd7 Ke2 70. Be6 Kd2 71. Bh3 Kc3 72. Be6 Kb4 73. Bd5 Kc5 74. Be6 Kd4 75. Bf7 g4 76. fxg4 Kxe4 77. Kh3 Bg5 78. Bg6+ Kf3 79. Bf5 e4 80. Kh2 e3 81. Kg1 e2 0-1


[Site "https://www.chess.com"]

[Event "Titled Tuesday Blitz October 11 Late 2022"]
[White "Rasulov, Vugar"]
[Black "Kollars, Dmitrij"]
[WhiteFideId "13402390"]
[BlackFideId "12909572"]
[WhiteElo "2509"]
[BlackElo "2584"]
[Result "1/2-1/2"]
[Round "08"]
[TimeControl "180+1"]
[Date "2022.10.11"]
[WhiteClock "0:00:05"]
[BlackClock "0:00:08"]

1. d4 d5 2. c4 e6 3. Nf3 Nf6 4. Nc3 c5 5. cxd5 exd5 6. g3 Nc6 7. Bg2 cxd4 8. Nxd4 Bc5 9. Nxc6 bxc6 10. O-O O-O 11. b3 Re8 12. Bb2 h5 13. Rc1 Bd6 14. Na4 Bg4 15. Bf3 Rc8 16. Qd3 Ne4 17. Bxe4 dxe4 18. Qe3 Qa5 19. Rfd1 Bf8 20. Bd4 Qb5 21. Rd2 a5 22. Bc5 Rcd8 23. Rxd8 Rxd8 24. Bxf8 Kxf8 25. Nc3 Qe5 26. Nxe4 Re8 27. f3 Bf5 28. Qc5+ Qxc5+ 29. Rxc5 Bxe4 30. fxe4 Rxe4 31. Rxh5 a4 32. Kf2 axb3 33. axb3 Rb4 34. Rc5 Rxb3 35. Rxc6 g6 36. h4 Kg7 37. e3 f5 38. Kf3 Rb4 39. Rd6 Kf7 40. Rd4 Rb1 41. Kf4 Rg1 42. Ra4 Kf6 43. Ra6+ Kf7 44. Kf3 Rf1+ 45. Kg2 Rb1 46. Kf2 Kg7 47. Ra2 Kf6 48. Kf3 Rf1+ 49. Rf2 Rb1 50. g4 Rh1 51. g5+ Ke5 52. Kg3 Re1 53. h5 gxh5 54. Ra2 Rg1+ 55. Rg2 Rxg2+ 56. Kxg2 Ke6 57. Kg3 Kf7 58. Kh3 Kg7 59. Kg3 Kf7 60. Kh3 Kg7 61. Kg3 Kf7 1/2-1/2


[Site "https://www.chess.com"]

[Event "Titled Tuesday Blitz October 11 Late 2022"]
[White "Reprintsev, Alexander"]
[Black "Prydun, Andriy"]
[WhiteFideId "14100541"]
[BlackFideId "14145898"]
[WhiteElo "2230"]
[BlackElo "2163"]
[Result "0-1"]
[Round "08"]
[TimeControl "180+1"]
[Date "2022.10.12"]
[WhiteClock "0:00:09"]
[BlackClock "0:00:14"]

1. e4 c6 2. Nc3 d5 3. Nf3 Bg4 4. h3 Bxf3 5. Qxf3 e6 6. b3 Nd7 7. exd5 exd5 8. Bb2 Ngf6 9. O-O-O Be7 10. g4 O-O 11. g5 Ne8 12. h4 Nc5 13. Re1 Ne6 14. Bh3 N8c7 15. Qg4 Qd6 16. Ne2 a5 17. f4 a4 18. f5 axb3 19. axb3 Ra2 20. fxe6 Rxb2 21. Kxb2 Qa3+ 22. Kc3 Nxe6 23. Qa4 d4+ 24. Nxd4 Qc5+ 25. Kb2 Nxd4 26. Rxe7 Qxc2+ 27. Ka3 Nb5+ 28. Kb4 Qxd2+ 29. Kc5 Qd6+ 30. Kb6 Qxe7 31. Qf4 Ra8 32. Ra1 Rxa1 33. Qb8+ Qf8 34. Qxb7 Qd8+ 35. Kxc6 Nd4+ 36. Kc5 Rc1+ 37. Kb4 Nc6+ 38. Kb5 Qa5# 0-1


[Site "https://www.chess.com"]

[Event "Titled Tuesday Blitz October 11 Late 2022"]
[White "Reshetnikov, Alexey"]
[Black "Bluebaum, Matthias"]
[WhiteFideId "4162080"]
[BlackFideId "24651516"]
[WhiteElo "2502"]
[BlackElo "2633"]
[Result "1-0"]
[Round "08"]
[TimeControl "180+1"]
[Date "2022.10.11"]
[WhiteClock "0:00:09"]
[BlackClock "0:00:19"]

1. e4 e6 2. d4 d5 3. Nd2 c5 4. exd5 Qxd5 5. Ngf3 cxd4 6. Bc4 Qd6 7. O-O Nf6 8. Nb3 Nc6 9. Nbxd4 Nxd4 10. Nxd4 Be7 11. b3 O-O 12. Bb2 Qf4 13. Qf3 Qxf3 14. Nxf3 b6 15. Ne5 Bb7 16. Rfd1 Rfd8 17. Be2 Bc5 18. Kf1 Rac8 19. c4 Ne4 20. f3 Nd6 21. Nd3 Be3 22. Ne5 Nf5 23. Rxd8+ Rxd8 24. Rd1 Rxd1+ 25. Bxd1 Bc5 26. Nd3 Ne3+ 27. Ke2 Nxg2 28. Nxc5 bxc5 29. Ba3 Nf4+ 30. Ke3 Ng2+ 31. Kd2 Nh4 32. Bxc5 Nxf3+ 33. Bxf3 Bxf3 34. Bxa7 f5 35. b4 Kf7 36. b5 Ke7 37. c5 g5 38. c6 h5 39. Bb8 h4 40. a4 Kd8 41. Be5 g4 42. Bf6+ Kc7 43. Bxh4 Kb6 44. Kc3 Ka5 45. Kc4 Kb6 46. Bd8+ Ka7 47. Bc7 Bd1 48. a5 Be2+ 49. Kc5 f4 50. Bxf4 e5 51. Bxe5 Bf3 52. b6+ Ka6 53. b7 Bxc6 54. Kxc6 g3 55. Bxg3 Kxa5 56. b8=Q Ka4 57. Qb2 Ka5 58. Qb5# 1-0


[Site "https://www.chess.com"]

[Event "Titled Tuesday Blitz October 11 Late 2022"]
[White "Roberson, Peter T"]
[Black "Averjanov, Alexey"]
[WhiteFideId "412384"]
[BlackFideId "14109867"]
[WhiteElo "2503"]
[BlackElo "2659"]
[Result "0-1"]
[Round "08"]
[TimeControl "180+1"]
[Date "2022.10.12"]
[WhiteClock "0:00:01"]
[BlackClock "0:00:48"]

1. d4 d5 2. c4 dxc4 3. Nf3 Nf6 4. e3 e6 5. Bxc4 a6 6. O-O b5 7. Be2 Bb7 8. a4 b4 9. Nbd2 Nbd7 10. b3 c5 11. Bb2 Be7 12. Rc1 O-O 13. Nc4 Qc7 14. Nfe5 Rfd8 15. Bf3 Rac8 16. Qe2 h6 17. Rfd1 Bd5 18. Nxd7 Rxd7 19. e4 Ba8 20. dxc5 Rxd1+ 21. Rxd1 Qxc5 22. Bd4 Qg5 23. Nb6 Rd8 24. Be3 Qe5 25. Rxd8+ Bxd8 26. Nxa8 Nxe4 27. Qd1 Be7 28. Bxe4 Qxe4 29. Nb6 Bd6 30. Nc4 Be7 31. f3 Qf5 32. Bf2 h5 33. h3 h4 34. Qd7 Qb1+ 35. Kh2 Qxb3 36. Ne5 Qc3 37. Bd4 Qc1 38. Qe8+ Kh7 39. Qxf7 Qg5 40. Ng4 Bd6+ 41. Kh1 e5 42. Bg1 e4 43. Qd5 Qxd5 0-1


[Site "https://www.chess.com"]

[Event "Titled Tuesday Blitz October 11 Late 2022"]
[White "Romero Ruscalleda, Josep"]
[Black "Tarnowska, Aleksandra"]
[WhiteFideId "2231859"]
[BlackFideId "1180967"]
[WhiteElo "2366"]
[BlackElo "1776"]
[Result "0-1"]
[Round "08"]
[TimeControl "180+1"]
[Date "2022.10.12"]
[WhiteClock "0:01:26"]
[BlackClock "0:00:02"]

1. e4 c5 2. c3 d5 3. exd5 Qxd5 4. d4 e6 5. Nf3 Nf6 6. Bd3 Be7 7. O-O O-O 8. Be3 cxd4 9. cxd4 a6 10. Nc3 Qd6 11. Rc1 Nc6 12. Qe2 Nd5 13. Ne4 Qb4 14. a3 Qb6 15. Nc5 Nxe3 16. fxe3 e5 17. d5 Bxc5 18. dxc6 Bxe3+ 19. Kh1 Bxc1 20. Nxe5 Qxb2 21. Bxh7+ Kxh7 22. Qh5+ Bh6 23. Nxf7 Rxf7 24. Qxf7 bxc6 25. Qf5+ Bxf5 0-1


[Site "https://www.chess.com"]

[Event "Titled Tuesday Blitz October 11 Late 2022"]
[White "Rorrer, Grayson"]
[Black "Arnold, Ken"]
[WhiteFideId "30944996"]
[BlackFideId "2056836"]
[WhiteElo "2130"]
[BlackElo "2356"]
[Result "1-0"]
[Round "08"]
[TimeControl "180+1"]
[Date "2022.10.12"]
[WhiteClock "0:01:04"]
[BlackClock "0:00:01"]

1. e4 c6 2. d4 d5 3. exd5 cxd5 4. Bd3 Nf6 5. h3 Nc6 6. c3 e5 7. dxe5 Nxe5 8. Nf3 Nxd3+ 9. Qxd3 Be7 10. Be3 O-O 11. Nbd2 a6 12. O-O Bd7 13. Rfe1 Bb5 14. Qc2 Rc8 15. Rad1 Re8 16. Nd4 Bc6 17. Nf5 g6 18. Nxe7+ Qxe7 19. Nf3 Ne4 20. Nd4 Qf6 21. f3 Nd6 22. Nxc6 bxc6 23. Bd4 Qg5 24. Qf2 Nf5 25. Bc5 h5 26. Re2 Ng3 27. Re3 h4 28. Rde1 Rxe3 29. Bxe3 Qf5 30. Bd4 Qd7 31. Bf6 Re8 32. Bxh4 Nf5 33. Bf6 Re6 34. Bg5 c5 35. Rxe6 Qxe6 36. g4 Nd6 37. Qxc5 Nc4 38. b3 Qe1+ 39. Kg2 Nd2 40. Qf2 Qxf2+ 41. Kxf2 Nb1 42. Bf6 Kf8 43. h4 Ke8 44. Ke2 Kd7 45. Kd3 Ke6 46. Bd4 f5 47. Bc5 fxg4 48. fxg4 d4 49. cxd4 Kd5 50. Kc2 1-0


[Site "https://www.chess.com"]

[Event "Titled Tuesday Blitz October 11 Late 2022"]
[White "Rosenberg, Evan S"]
[Black "Djordjevic, Dejan N"]
[WhiteFideId "2019299"]
[BlackFideId "913316"]
[WhiteElo "2347"]
[BlackElo "2262"]
[Result "1-0"]
[Round "08"]
[TimeControl "180+1"]
[Date "2022.10.12"]
[WhiteClock "0:00:08"]
[BlackClock "0:00:02"]

1. Nf3 Nf6 2. d4 e6 3. c4 b6 4. g3 Bb7 5. Bg2 d5 6. O-O Nbd7 7. cxd5 exd5 8. Nc3 a6 9. Bf4 Be7 10. Rc1 O-O 11. Ne5 Rc8 12. h3 Re8 13. g4 h6 14. Qd2 c5 15. e3 Nf8 16. Rfd1 c4 17. Qe2 b5 18. a3 Ne6 19. Bg3 Bf8 20. h4 g5 21. f4 gxf4 22. exf4 Bg7 23. g5 hxg5 24. hxg5 Nh7 25. Qh5 Bxe5 26. dxe5 Qb6+ 27. Kf1 Ng7 28. Qg4 d4 29. Ne4 Bxe4 30. Bxe4 c3 31. f5 Nf8 32. g6 fxg6 33. f6 Rc4 34. fxg7 Kxg7 35. Bd3 Rc6 36. bxc3 1-0


[Site "https://www.chess.com"]

[Event "Titled Tuesday Blitz October 11 Late 2022"]
[White "Rubio Tent, Francisco"]
[Black "Potula, Kapish"]
[WhiteFideId "2238233"]
[BlackFideId "30903270"]
[WhiteElo "2211"]
[BlackElo "1998"]
[Result "1-0"]
[Round "08"]
[TimeControl "180+1"]
[Date "2022.10.12"]
[WhiteClock "0:01:11"]
[BlackClock "0:00:09"]

1. e4 e6 2. d4 d5 3. exd5 exd5 4. Nf3 Nf6 5. c4 c6 6. Nc3 Bd6 7. cxd5 Nxd5 8. Bd3 O-O 9. O-O h6 10. h3 Nd7 11. Re1 Re8 12. Rxe8+ Qxe8 13. Nxd5 cxd5 14. Be3 Nf6 15. Rc1 Bd7 16. Bb1 Ne4 17. Qb3 Bc6 18. a3 Rc8 19. Qd3 a6 20. Ba2 Bb5 21. Qd1 Rxc1 22. Qxc1 Bc6 23. Qd1 Qe6 24. Nd2 Nxd2 25. Qxd2 Qg6 26. Kh1 Qe4 27. Qd1 f5 28. Bb1 Qe6 29. Qf3 Qf6 30. Bxf5 g6 31. Bg4 Qxf3 32. Bxf3 Kg7 33. Kg1 h5 34. h4 Kf6 35. Kf1 Bd7 36. Ke1 Bc6 37. Kd2 Ke6 38. Bg5 Bc7 39. Be2 b5 40. Bd3 Ba5+ 41. Kc2 Bc7 42. Bxg6 Bd7 43. Bxh5 Kd6 44. Bf4+ Kc6 45. Bxc7 Kxc7 46. Bf3 Bf5+ 47. Kd2 Kc6 48. h5 Bh7 49. h6 Kd6 50. g4 Ke6 51. g5 Kf5 52. Bxd5 Kxg5 53. Bb7 Kxh6 54. Bxa6 Kg5 55. Bxb5 Kf4 56. Bd3 Bg8 57. a4 Bd5 58. a5 Kf3 59. b4 Kxf2 60. b5 Kf3 61. a6 Kf4 62. b6 Bc6 63. b7 1-0


[Site "https://www.chess.com"]